 Dungeon Crawl Stone Soup version 0.29.1-13-g9f3cf754e1 (webtiles) character file.

Game seed: 17574253477709029041

20839 unlimited1921 the Thaumaturge (level 13, -2/80 HPs)
             Began as a Djinni Fire Elementalist on Jan 31, 2023.
             Was an Initiate of Gozag.
             Slain by an ogre mage
             ... wielding a +0 spear
              (7 damage)
             ... on level 2 of the Orcish Mines.
             The game lasted 01:05:55 (18527 turns).

unlimited1921 the Thaumaturge (DjFE)               Turns: 18527, Time: 01:05:56

Health: -2/80      AC:  7    Str:  7    XL:     13   Next: 15%
Gold:   979        EV: 14    Int: 21    God:    Gozag SH:  0 Dex: 18

rFire   + + +      SeeInvis .   m - +1 flail of Exquisite Torment {vorpal, rPois Will- rCorr Dex+3}
rCold   x . .      Faith    .   T - orb {mayhem}
rNeg    . . .      Spirit   .   D - +0 steam dragon scales
rPois   ∞          Reflect  .   P - +0 helmet
rElec   .          Harm     .   e - +0 cloak
rCorr   +          Rampage  .   (no gloves)
Will    .....                   (boots unavailable)
Stlth   +++.......              (no amulet)
HPRegen 0.23/turn               c - ring of protection from fire
MPRegen 0.00/turn               (no ring)

@: mighty, brilliant, flying, invisible
A: sickness immunity, fire resistance 2, cold vulnerability 1, float, innate
caster, HP casting, extra vitality 1
a: Renounce Religion, Potion Petition, Call Merchant, Bribe Branch


You were on level 2 of the Orcish Mines.
You worshipped Gozag.
Gozag was pleased with you.
You visited 3 branches of the dungeon, and saw 12 of its levels.
You also visited: Bailey.

You collected 1406 gold pieces.
You spent 270 gold pieces at shops.
You paid 157 gold pieces to Gozag.

Inventory:

Hand Weapons
 m - the +1 flail of Exquisite Torment (weapon) {vorpal, rPois Will- rCorr Dex+3}
   (You took it off a spriggan in a bailey)

   It inflicts extra damage upon your enemies.
   Dex:       It affects your dexterity (+3).
   rPois:     It protects you from poison.
   rCorr:     It protects you from acid and corrosion.
   Will:      It decreases your willpower.
 o - a +2 halberd of freezing
 s - a +0 shortbow
 y - a +2 flail of protection
 C - a +2 hand axe of venom
 M - a +0 vorpal sling
 N - a +1 short sword of draining
 R - a +0 arbalest
Missiles
 l - 3 javelins
 I - 39 stones
 O - a curare-tipped dart
Armour
 e - a +0 cloak (worn)
 D - +0 steam dragon scales (worn)
 P - a +0 helmet (worn)
 T - an orb of mayhem (worn)
 V - a +2 robe of fire resistance
Jewellery
 c - a ring of protection from fire (left hand)
Wands
 A - a wand of digging (9)
 K - a wand of polymorph (14)
 Q - a wand of paralysis (6)
Scrolls
 a - a scroll of fear {unknown}
 b - 6 scrolls of magic mapping
 d - 2 scrolls of poison
 g - 3 scrolls of enchant weapon
 i - a scroll of silence
 k - 4 scrolls of teleportation
 n - 2 scrolls of summoning
 w - 4 scrolls of enchant armour
 z - 2 scrolls of torment {unknown}
 E - a scroll of butterflies
 H - a scroll of vulnerability {unknown}
 U - a scroll of amnesia {unknown}
Potions
 f - 5 potions of might
 h - 3 potions of attraction {unknown}
 j - a potion of invisibility
 p - a potion of resistance {unknown}
 q - 2 potions of curing {unknown}
 r - a potion of flight {unknown}
 t - 3 potions of brilliance
 u - 2 potions of heal wounds {unknown}
 v - a potion of lignification {unknown}
 B - 3 potions of berserk rage {unknown}
 F - 2 potions of magic {unknown}
 J - a potion of mutation {unknown}
 L - a potion of cancellation {unknown}
 S - a potion of ambrosia {unknown}


   Skills:
 + Level 2.5 Fighting
 + Level 0.8 Maces & Flails
 + Level 1.1 Polearms
 + Level 1.3 Armour
 + Level 5.0 Dodging
 + Level 5.5 Stealth
 + Level 0.8 Unarmed Combat
 + Level 14.9 Spellcasting
 + Level 1.7 Evocations


You had 9 spell levels left.
You knew the following spells:

 Your Spells              Type           Power      Damage    Failure   Level
a - Foxfire               Conj/Fire      100%       2x1d9     0%          1
b - Scorch                Fire           100%       2d10      0%          2
c - Conjure Flame         Conj/Fire      87%        6-21      1%          3
d - Inner Flame           Hex/Fire       87%        N/A       1%          3
e - Flame Wave            Conj/Fire      87%        2d19      1%          4
f - Summon Small Mammal   Summ           100%       N/A       0%          1
g - Static Discharge      Conj/Air       87%        3-14/arc  0%          2
h - Teleport Other        Tloc           87%        N/A       1%          3
i - Lesser Beckoning      Tloc           87%        N/A       1%          3
j - Lightning Bolt        Conj/Air       43%        1d63      1%          5
k - Metabolic Englaciati  Hex/Ice        43%        N/A       1%          5
Your spell library was empty.

Dungeon Overview and Level Annotations

Branches:
Dungeon (9/15)             Temple (1/1) D:7             Orc (1/2) D:9
 Bailey (visited)
   Lair: D:8-11

Altars:
Ashenzari
Cheibriados
Dithmenos
Elyvilon
Fedhas
Gozag
Hepliaklqana
Makhleb
Okawaru
Qazlal
Ru
Trog
Uskayaw
Wu Jian
Xom
Yredelemnul
Zin
The Shining One

Shops:
D:1 ?   D:2 *:*[   D:4 :


Innate Abilities, Weirdness & Mutations

You are immune to sickness and miasma.
You are immune to poison.
Your flesh is very heat resistant. (rF++)
You are vulnerable to cold. (rC-)
You float through the air rather than walking.
You learn spells naturally, not from books.
Your magical power is your life essence.
You have superior vitality. (+4 MHP)


Message History

An ogre mage comes into view. It is wielding a +0 spear.
The two-headed ogre hits you with a +0 giant club!
* * * LOW HITPOINT WARNING * * *
The two-headed ogre hits you with a +0 giant spiked club.
* * * LOW HITPOINT WARNING * * *
Casting: Metabolic Englaciation (mildly dangerous; 1% risk of failure)
Confirm with . or Enter, or press ? or * to list all spells.
Aiming: Lightning Bolt (mildly dangerous; 1% risk of failure)
Press: ? - help, Shift-Dir - straight line, f - two-headed ogre
Aim: a two-headed ogre, wielding a +0 giant club and a +0 giant spiked club (almost dead, slow, more vulnerable to fire, 83% to hit)
You hear a mighty clap of thunder!
The bolt of lightning hits the two-headed ogre!
You kill the two-headed ogre!
* * * LOW HITPOINT WARNING * * *
Unknown command.
Things that are here:
a +0 giant club; a +0 giant club The ogre mage mumbles some strange words.
The ogre mage flickers and vanishes!
Deactivating autopickup; reactivate with Ctrl-A.
You see here a +0 giant club.
Things that are here:
a +0 dire flail; a +0 giant spiked club Unknown command.
Something tries to affect you, but you resist.
Something hits you!
* * * LOW HITPOINT WARNING * * *
You fade into invisibility!
Something hits you.
* * * LOW HITPOINT WARNING * * *
Press: ? - help, v - describe, . - travel The floor.
Unknown command.
It was a potion of might.
You feel very mighty all of a sudden.
It was a potion of brilliance.
You feel clever all of a sudden. Something hits you!
You die...
Your body crumbles into a pile of gold.

##....#....)).....#....
#...).....).......## ..
##$....$)...)......##
##.).)).).....#....#
##).........##.#.##
##..)......###...##
#...).{...## #...#
#...#......# ##.##
#....@.....## ###
##..........#
##.....##.## ##..######
#...# ##.## ###


There were no monsters in sight!

Vanquished Creatures
  3 ogre magi (Orc:2)
  15 two-headed ogres
  Joseph (D:7)
  3 spriggans (Bailey)
  Sigmund (D:3)
  2 wyverns
  A shadow (D:9)
  2 steam dragons
  Edmund (D:4)
  A warg (Orc:2)
  4 water moccasins
  6 orc warriors
  A black bear (D:8)
  3 ice beasts
  2 sky beasts (D:8)
  6 centaurs
  30 ogres
  A phantom (D:5)
  Blork the orc (D:6)
  2 kobold brigands
  A bullfrog (D:8)
  2 necrophages
  5 scorpions
  2 wyvern zombies (D:7)
  2 wights (D:9)
  6 killer bees (D:6)
  A howler monkey (D:7)
  2 centaur zombies (D:7)
  2 bullfrog zombies (D:7)
  7 hounds
  9 orc priests
  7 iguanas
  6 orc wizards
  A killer bee zombie (D:7)
  A howler monkey zombie (D:7)
  3 gnolls (D:2)
  8 adders
  3 shadow imps
  2 ufetubi (D:4)
  A dart slug (D:5)
  39 orcs
  9 endoplasms
  5 giant cockroaches
  7 goblins
  5 hobgoblins
  3 jackals (D:2)
  4 quokkas
  A ball python (D:1)
  4 bats
  3 frilled lizards
  13 kobolds
  5 rats
255 creatures vanquished.

Vanquished Creatures (collateral kills)
  An ogre mage (Orc:1)
  A two-headed ogre (Orc:1)
  2 ogres
  3 wights (D:9)
  2 orcs
9 creatures vanquished.

Vanquished Creatures (others)
  875 foxfires
  2 fungi (D:3)
  2 plants (D:3)
879 creatures vanquished.

Grand Total: 1143 creatures vanquished

Notes
Turn   | Place    | Note
-------+----------+-------------------------------------------
     0 | D:1      | unlimited1921 the Djinni Fire Elementalist began the quest
                  | for the Orb.
     0 | D:1      | unlimited1921 set off with the following spells memorised:
                  | Foxfire, Scorch, Conjure Flame, Inner Flame, Flame Wave.
     0 | D:1      | Reached XP level 1. HP: 15/15 MP: 0/0
   834 | D:1      | Reached XP level 2. HP: 19/21 MP: 0/0
  1206 | D:1      | Found Founoo's Magic Scroll Shop.
  1214 | D:1      | Bought a scroll of identify for 20 gold pieces
  1214 | D:1      | Bought a scroll of identify for 20 gold pieces
  1509 | D:2      | Found Dumi's Assorted Antiques.
  1553 | D:2      | Bought a scroll labelled PEUKAY ATAAK for 20 gold pieces
  1565 | D:2      | Found Ellaek's Book Emporium.
  1893 | D:2      | Found Ughuwk's General Store.
  2092 | D:2      | Reached skill level 3 in Spellcasting
  2092 | D:2      | Reached XP level 3. HP: 20/25 MP: 0/0
  2092 | D:2      | Learned a level 1 spell: Summon Small Mammal
  2812 | D:2      | Reached XP level 4. HP: 28/31 MP: 0/0
  3582 | D:2      | Found Fennanef's Antique Armour Emporium.
  3652 | D:3      | Reached XP level 5. HP: 24/35 MP: 0/0
  3652 | D:3      | Learned a level 2 spell: Static Discharge
  4324 | D:3      | Found a faded altar of an unknown god.
  4448 | D:3      | Noticed Sigmund
  4451 | D:3      | Found a shimmering altar of Xom.
  4452 | D:3      | Found a shimmering altar of Xom.
  4474 | D:3      | Killed Sigmund
  4475 | D:3      | Reached skill level 4 in Spellcasting
  4475 | D:3      | Reached XP level 6. HP: 27/41 MP: 0/0
  5154 | D:4      | Found Mubahope's Tremendous Tomes.
  5781 | D:4      | Noticed Edmund
  5803 | D:4      | Killed Edmund
  5804 | D:4      | Reached skill level 5 in Spellcasting
  5804 | D:4      | Reached XP level 7. HP: 13/46 MP: 0/0
  5804 | D:4      | Learned a level 3 spell: Teleport Other
  7057 | D:5      | Entered Level 5 of the Dungeon
  7057 | D:5      | Noticed a water moccasin
  7057 | D:5      | Noticed a wyvern
  7061 | D:5      | Killed a water moccasin
  7062 | D:5      | Reached skill level 6 in Spellcasting
  7064 | D:5      | Reached XP level 8. HP: 43/51 MP: 0/0
  7068 | D:5      | Killed a wyvern
  7473 | D:5      | Reached skill level 7 in Spellcasting
  8110 | D:5      | Reached XP level 9. HP: 41/56 MP: 0/0
  8110 | D:5      | Learned a level 3 spell: Lesser Beckoning
  8118 | D:5      | Reached skill level 8 in Spellcasting
  8514 | D:5      | Reached skill level 1 in Fighting
  8761 | D:5      | Found an iron altar of Okawaru.
  8767 | D:5      | Found a blossoming altar of Fedhas.
  8767 | D:5      | Found a hazy altar of Hepliaklqana.
  8767 | D:5      | Found an ornate altar of the Wu Jian Council.
  8768 | D:5      | Found a snail-covered altar of Cheibriados.
  9416 | D:1      | Bought a scroll of magic mapping for 75 gold pieces
  9416 | D:1      | Bought a scroll of poison for 40 gold pieces
  9416 | D:1      | Bought a scroll of summoning for 95 gold pieces
  9616 | D:6      | Noticed Blork the orc
  9620 | D:6      | Killed Blork the orc
  9881 | D:6      | Reached skill level 9 in Spellcasting
 10277 | D:6      | Reached XP level 10. HP: 59/63 MP: 0/0
 10664 | D:6      | Found a white marble altar of Elyvilon.
 10758 | D:7      | Found a flagged portal.
 10772 | Bailey   | Entered a bailey
 10780 | Bailey   | Reached skill level 1 in Polearms
 10803 | Bailey   | Reached skill level 10 in Spellcasting
 10909 | Bailey   | Noticed a two-headed ogre
 10915 | Bailey   | Killed a two-headed ogre
 11059 | Bailey   | Identified the +1 flail of Exquisite Torment {vorpal, rPois
                  | Will- rCorr Dex+3}
 11978 | D:7      | Reached skill level 11 in Spellcasting
 12239 | D:7      | Found a basalt altar of Yredelemnul.
 12652 | D:7      | Found a staircase to the Ecumenical Temple.
 12658 | Temple   | Entered the Ecumenical Temple
 13010 | D:7      | Noticed Joseph
 13016 | D:7      | Killed Joseph
 13017 | D:7      | Reached skill level 1 in Armour
 13017 | D:7      | Reached XP level 11. HP: 31/68 MP: 0/0
 13017 | D:7      | Learned a level 5 spell: Lightning Bolt
 15063 | D:9      | Reached skill level 12 in Spellcasting
 15537 | D:9      | Found a staircase to the Orcish Mines.
 15766 | Temple   | Became a worshipper of Gozag Ym Sagoz the Greedy
 16015 | D:9      | Noticed a two-headed ogre
 16230 | D:9      | Killed a two-headed ogre
 16231 | D:9      | Reached skill level 5 in Stealth
 16285 | Orc:1    | Entered Level 1 of the Orcish Mines
 16285 | Orc:1    | Noticed an ogre mage
 16285 | Orc:1    | Noticed a two-headed ogre
 16285 | Orc:1    | Noticed a two-headed ogre
 16285 | Orc:1    | Noticed a two-headed ogre
 16285 | Orc:1    | Noticed a two-headed ogre
 16288 | Orc:1    | Killed a two-headed ogre
 16289 | Orc:1    | Killed a two-headed ogre
 16425 | Orc:1    | Killed a two-headed ogre
 16427 | Orc:1    | Killed an ogre mage
 16433 | Orc:1    | Killed a two-headed ogre
 16434 | Orc:1    | Reached skill level 13 in Spellcasting
 16434 | Orc:1    | Reached XP level 12. HP: 14/74 MP: 0/0
 16881 | Orc:1    | You are sucked into a shaft and drop 1 floor!
 16881 | Orc:2    | Entered Level 2 of the Orcish Mines
 17201 | Orc:2    | Noticed an ogre mage
 17207 | Orc:2    | Killed an ogre mage
 17210 | Orc:2    | Reached skill level 1 in Evocations
 17256 | Orc:2    | Noticed a two-headed ogre
 17302 | Orc:2    | Noticed a two-headed ogre
 17311 | Orc:2    | Killed a two-headed ogre
 17515 | Orc:2    | Noticed a two-headed ogre
 17523 | Orc:2    | Killed a two-headed ogre
 17536 | Orc:2    | Noticed a two-headed ogre
 17543 | Orc:2    | Killed a two-headed ogre
 17676 | Orc:2    | Noticed a two-headed ogre
 17693 | Orc:2    | Killed a two-headed ogre
 17850 | Orc:2    | Noticed an ogre mage
 17856 | Orc:2    | Killed an ogre mage
 17857 | Orc:2    | Reached skill level 14 in Spellcasting
 17866 | Orc:2    | Noticed a two-headed ogre
 17874 | Orc:2    | Killed a two-headed ogre
 18086 | Orc:2    | Noticed a two-headed ogre
 18094 | Orc:2    | Killed a two-headed ogre
 18227 | Orc:2    | Noticed a two-headed ogre
 18230 | Orc:2    | Killed a two-headed ogre
 18231 | Orc:2    | Reached skill level 5 in Dodging
 18278 | Orc:2    | Killed a two-headed ogre
 18279 | Orc:2    | Reached XP level 13. HP: 67/80 MP: 0/0
 18279 | Orc:2    | Learned a level 5 spell: Metabolic Englaciation
 18436 | Orc:2    | Noticed an ogre mage
 18440 | Orc:2    | Killed an ogre mage
 18507 | Orc:2    | Noticed an ogre mage
 18527 | Orc:2    | Slain by an ogre mage

Illustrated notes

Levels and vault maps discovered:
D:1:      sevenhm_arrival_forest_fort_small_3, layout_loops_corners,
          serial_shops, shop, chequers_serial_rivers_large_b,
          minmay_misc_feat_secret_circle
D:2:      layout_basic, serial_shops, shop,
          nicolae_shop_temple_entry_statues_fountains, nicolae_shop_statue_plus,
          nicolae_shop_behind_doors
D:3:      layout_loops_ring, xom_redecorated, shapermc_ecumenical_altar_ellora,
          bh_walls_and_bars, uniq_sigmund
D:4:      layout_gridville, st_stairs_10, minivault_5,
          nicolae_shop_i_like_big_books, uniq_edmund
D:5:      minmay_octagon_keep, layout_basic, minitemple
D:6:      layout_gridville, elyvilon_altar_3, uniq_blork_the_orc
D:7:      layout_layer_cave, nicolae_yredelemnul_corpse_copse,
          nicolae_vehumet_radiance, minmay_temple_entry_nine_rooms,
          enter_bailey_2, palyth_stone_intersect, uniq_joseph
D:8:      layout_rooms, grunt_ministairs_9
D:9:      layout_basic, david_orc_3
Temple:   hellmonk_temple_rainy
Orc:1:    layout_diamond_mine
Orc:2:    st_orc_ogre_mass, layout_caves, serial_shops, shop

Skill      XL: |  1  2  3  4  5  6  7  8  9 10 11 12 |
---------------+-------------------------------------+-----
Spellcasting   | 3 4 5 6 7 9 11 13 14 | 14.9
Stealth        | 2 3 4 5 |  5.5
Dodging        | 3 4 5 |  5.0
Fighting       | 1 2 |  2.5
Polearms       | 1 |  1.1
Armour         | 1 |  1.3
Evocations     | 1 |  1.7
Maces & Flails | |  0.8
Unarmed Combat | |  0.8

Action                   |  1- 3 |  4- 6 |  7- 9 | 10-12 | 13-15 || total
-------------------------+-------+-------+-------+-------+-------++-------
Melee: Unarmed           |     2 |       |       |       |       ||     2
       Halberd           |       |    12 |     3 |       |       ||    15
       Flail             |       |       |       |     2 |       ||     2
 Cast: Foxfire           |    66 |    94 |   152 |   190 |    14 ||   516
       Scorch            |       |    14 |    29 |    18 |     2 ||    63
       Inner Flame       |       |     3 |    13 |    72 |     1 ||    89
       Summon Small Mamm |       |     3 |     2 |     4 |       ||     9
       Conjure Flame     |       |     2 |     1 |       |       ||     3
       Teleport Other    |       |       |     1 |       |       ||     1
       Flame Wave        |       |       |     2 |     8 |       ||    10
       Lightning Bolt    |       |       |       |    36 |     2 ||    38
       Metabolic Englaci |       |       |       |       |     3 ||     3
Evoke: Wand              |       |       |       |     5 |       ||     5
  Use: Scroll            |       |     3 |     5 |     4 |       ||    12
       Potion            |       |       |       |       |     3 ||     3
Armor: Robe              |     4 |     1 |     5 |       |       ||    10
       Steam dragon scal |       |       |       |    14 |       ||    14
Dodge: Dodged            |    11 |     2 |    16 |    35 |     1 ||    65
